A- SE
ST. LUCIE METS @ TAMPA TARPONS
07/25/2041
 
TOP OF THE 1ST
St. Lucie Mets batting - Pitching for Tampa Tarpons : RHP Wes Kennedy
Pitching: RHP Wes Kennedy
Batting: RHB Juan Carlos Valdillez 0-0: Called Strike
0-1: Foul Ball, location: 2F
0-2: Ball
1-2: SINGLE (Line Drive, 9S, EV 91.9 MPH)
Batting: SHB Kevin French 0-0: Ball
1-0: Ball
2-0: Ball
Juan Carlos Valdillez steals 2nd base (no throw)
3-0: Base on Balls
Batting: LHB Jim Unknown 0-0: Ball
1-0: Called Strike
Juan Carlos Valdillez steals 3rd base (no throw)
1-1: Called Strike
1-2: Fly out, F8 (Flyball, 8RXD, EV 83.1 MPH)
Runner from 3rd tags up, SCORES, no throw by CF
Batting: RHB Jim Unknown 0-0: Ball
1-0: Fly out, F9 (Flyball, 9, EV 90.0 MPH)
Batting: LHB Jim Unknown 0-0: Called Strike
0-1: Foul Ball, location: 2F
0-2: TRIPLE (Flyball, 9LM, EV 110.6 MPH)
Kevin French scores
Batting: LHB Jim Unknown 0-0: Called Strike
0-1: Ball
1-1: Ball
2-1: Fly out, F8 (Flyball, 8RD, EV 87.5 MPH)
Top of the 1st over - 2 runs, 2 hits, 0 errors, 1 left on base; St. Lucie 2 - Tampa 0
BOTTOM OF THE 1ST
Tampa Tarpons batting - Pitching for St. Lucie Mets : RHP Jim Unknown
Pitching: RHP Jim Unknown
Batting: RHB Héctor Brajo 0-0: Foul Ball, location: 9LSF
0-1: Ball
1-1: Ball
2-1: Ball
3-1: Foul Ball, location: 9LSF
3-2: Base on Balls
Batting: RHB Lou Smith 0-0: Ball
1-0: Called Strike
1-1: Foul Ball, location: 3FF
1-2: Ball
2-2: Ball
3-2: Foul Ball, location: 9LMF
3-2: Base on Balls
Héctor Brajo to second
Batting: RHB José Silva 0-0: Single, Error in OF, E8, batter to second base (Groundball, 6MD, EV 99.4 MPH)
Héctor Brajo scores
Lou Smith to third
Batting: RHB Bob Gallagher 0-0: Ball
1-0: Swinging Strike
1-1: Ball
2-1: SINGLE (Line Drive, 89S, EV 103.1 MPH)
Lou Smith scores
José Silva to third
Batting: RHB José Padino 0-0: Foul Ball, location: 9LSF
0-1: Ball
1-1: Foul Ball, location: 2F
1-2: SINGLE (Line Drive, 6D, EV 107.5 MPH)
José Silva scores
Bob Gallagher to second
Batting: LHB Freddy Guzmán 0-0: Ball
1-0: Ball
2-0: Ball
3-0: Base on Balls
Bob Gallagher to third
José Padino to second
Batting: RHB Hugh Johnstone 0-0: DOUBLE (Flyball, 8RD, EV 102.5 MPH)
Bob Gallagher scores
José Padino scores
Freddy Guzmán to third
Batting: RHB Jim Unknown 0-0: Ball
1-0: Ball
2-0: Ball
3-0: Called Strike
3-1: Swinging Strike
3-2: Strikes out looking
Batting: SHB Jim Unknown 0-0: Ball
1-0: Called Strike
1-1: SINGLE (Line Drive, 5D, EV 101.3 MPH)
Freddy Guzmán scores
Hugh Johnstone to third
Batting: RHB Héctor Brajo 0-0: Swinging Strike
0-1: Ball
1-1: Ball
2-1: Fielders Choice at 2nd, 3-6 (Groundball, 34, EV 76.3 MPH)
Hugh Johnstone scores
Batting: RHB Lou Smith 0-0: Ball
Héctor Brajo is caught stealing 2nd base 2-4
Bottom of the 1st over - 7 runs, 5 hits, 1 error, 0 left on base; St. Lucie 2 - Tampa 7
TOP OF THE 2ND
St. Lucie Mets batting - Pitching for Tampa Tarpons : RHP Wes Kennedy
Batting: RHB Jim Unknown 0-0: Ball
1-0: Fly out, F9 (Flyball, 89M, EV 88.1 MPH)
Batting: SHB Jim Unknown 0-0: Ball
1-0: Ball
2-0: Ball
3-0: Called Strike
3-1: Base on Balls
Batting: RHB Jim Unknown 0-0: Foul Ball, location: 9LMF
0-1: Ball
1-1: Ball
2-1: Called Strike
2-2: Ball
3-2: Strikes out swinging
Batting: RHB Juan Carlos Valdillez 0-0: Ball
1-0: Foul Ball, location: 2F
1-1: Called Strike
1-2: Foul Ball, location: 2F
1-2: Ball
2-2: Strikes out looking
Top of the 2nd over - 0 runs, 0 hits, 0 errors, 1 left on base; St. Lucie 2 - Tampa 7
BOTTOM OF THE 2ND
Tampa Tarpons batting - Pitching for St. Lucie Mets : RHP Jim Unknown
Batting: RHB Lou Smith 0-0: DOUBLE (Line Drive, 78M, EV 110.0 MPH)
Batting: RHB José Silva 0-0: Ball
1-0: Foul Ball, location: 2F
1-1: Called Strike
1-2: Ball
2-2: Ball
3-2: Foul Ball, location: 9LDF
3-2: Foul Ball, location: 9LMF
3-2: Foul Ball, location: 5FF
3-2: Base on Balls
Batting: RHB Bob Gallagher 0-0: Ball
1-0: Ball
2-0: Grounds into double play, 4-6-3 (Groundball, 4, EV 76.9 MPH)
Lou Smith to third
Batting: RHB José Padino 0-0: Hit by Pitch
Batting: LHB Freddy Guzmán 0-0: Ball
1-0: Ball
2-0: Swinging Strike
2-1: Ball
3-1: Base on Balls
José Padino to second
Pitching: LHP Jim Unknown
Batting: RHB Hugh Johnstone 0-0: Fly out, F6 (Line Drive, 6M, EV 73.1 MPH)
Bottom of the 2nd over - 0 runs, 1 hit, 0 errors, 3 left on base; St. Lucie 2 - Tampa 7
TOP OF THE 3RD
St. Lucie Mets batting - Pitching for Tampa Tarpons : RHP Wes Kennedy
Batting: SHB Kevin French 0-0: Ball
1-0: Ball
2-0: Called Strike
2-1: Fly out, F8 (Line Drive, 8LM, EV 103.1 MPH)
Batting: LHB Jim Unknown 0-0: Ball
1-0: Foul Ball, location: 5F
1-1: Ball
2-1: Ball
3-1: Swinging Strike
3-2: Strikes out swinging
Batting: RHB Jim Unknown 0-0: Ball
1-0: SINGLE (Flyball, 7LS, EV 91.9 MPH)
Batting: LHB Jim Unknown 0-0: Ball
1-0: Swinging Strike
1-1: Called Strike
1-2: DOUBLE (Line Drive, 78XD, EV 103.1 MPH)
Jim Unknown to third
Runner from 3rd tries for Home, SAFE, no throw by CF
Batting: LHB Jim Unknown 0-0: Ball
1-0: Foul Ball, location: 2F
1-1: Ball
2-1: Foul Ball, location: 2F
2-2: Ball
3-2: Base on Balls
Batting: RHB Jim Unknown 0-0: Ball
1-0: Ball
2-0: Ball
3-0: Called Strike
3-1: DOUBLE (Line Drive, 5D, EV 101.3 MPH)
Jim Unknown scores
Jim Unknown to third
Runner from 3rd tries for Home, SAFE, throw by LF to trailing runner, OUT at third! 7-3-5
Top of the 3rd over - 3 runs, 3 hits, 0 errors, 0 left on base; St. Lucie 5 - Tampa 7
BOTTOM OF THE 3RD
Tampa Tarpons batting - Pitching for St. Lucie Mets : LHP Jim Unknown
Batting: RHB Jim Unknown 0-0: Foul Ball, location: 9LSF
0-1: Called Strike
0-2: Foul Ball, location: 2F
0-2: Ball
1-2: SOLO HOME RUN (Flyball, 89XD, EV 106.3 MPH), Distance : 437 ft
Batting: SHB Jim Unknown 0-0: SINGLE (Groundball, 6, EV 90.0 MPH)
Batting: RHB Héctor Brajo 0-0: Called Strike
0-1: Ball
1-1: Bunted foul
1-2: Ball
2-2: Foul Ball, location: 2F
2-2: Foul Ball, location: 7LDF
2-2: Foul Ball, location: 23F
2-2: Single, Error in OF, E7, batter to second base (Line Drive, 56D, EV 96.9 MPH)
Jim Unknown to third
Batting: RHB Lou Smith 0-0: Ball
1-0: Foul Ball, location: 3SF
1-1: Foul Ball, location: 7LMF
1-2: Ball
2-2: Ball
3-2: Base on Balls
Batting: RHB José Silva 0-0: Ball
1-0: Called Strike
1-1: Foul Ball, location: 2F
1-2: Ball
2-2: Grounds into double play, 5-4-3 (Groundball, 56, EV 81.9 MPH)
Jim Unknown scores
Héctor Brajo to third
Batting: RHB Bob Gallagher 0-0: SINGLE (Groundball, 4MD, EV 97.5 MPH)
Héctor Brajo scores
Batting: RHB José Padino 0-0: Ball
1-0: Ball
2-0: Ball
3-0: Base on Balls
Bob Gallagher to second
Pitching: RHP Jim Unknown
Batting: LHB Freddy Guzmán 0-0: SINGLE (Flyball, 8LS, EV 96.3 MPH)
Bob Gallagher to third
José Padino to second
Runner from 3rd tries for Home, SAFE, throw by CF to home
Batting: RHB Hugh Johnstone 0-0: SINGLE (Groundball, P, EV 82.5 MPH) (infield hit)
José Padino to third
Freddy Guzmán to second
Batting: RHB Jim Unknown 0-0: Swinging Strike
0-1: Foul Ball, location: 2F
0-2: Foul Ball, location: 5SF
0-2: Ball
1-2: DOUBLE (Line Drive, 8RXD, EV 102.5 MPH)
José Padino scores
Freddy Guzmán scores
Hugh Johnstone to third
Runner from 3rd tries for Home, SAFE, throw by CF to home
Batting: SHB Jim Unknown 0-0: Ball
1-0: Fly out, F8 (Line Drive, 78D, EV 89.4 MPH)
Bottom of the 3rd over - 7 runs, 7 hits, 1 error, 1 left on base; St. Lucie 5 - Tampa 14
TOP OF THE 4TH
St. Lucie Mets batting - Pitching for Tampa Tarpons : RHP Wes Kennedy
Batting: SHB Jim Unknown 0-0: Ball
1-0: Ball
2-0: Fly out, F4 (Popup, 4M, EV 80.6 MPH)
Batting: RHB Jim Unknown 0-0: Ball
1-0: Foul Ball, location: 2F
1-1: Foul Ball, location: 2F
1-2: Strikes out swinging
Batting: RHB Juan Carlos Valdillez 0-0: Called Strike
0-1: Foul Ball, location: 2F
0-2: Strikes out looking
Top of the 4th over - 0 runs, 0 hits, 0 errors, 0 left on base; St. Lucie 5 - Tampa 14
BOTTOM OF THE 4TH
Tampa Tarpons batting - Pitching for St. Lucie Mets : RHP Jim Unknown
Batting: RHB Héctor Brajo 0-0: Ball
1-0: Foul Ball, location: 3FF
1-1: Foul Ball, location: 2F
1-2: Ball
2-2: Fly out, F9 (Flyball, 9, EV 91.9 MPH)
Batting: RHB Lou Smith 0-0: Ball
1-0: Ground out 6-3 (Groundball, 6, EV 110.6 MPH)
Batting: RHB José Silva 0-0: Ball
1-0: Ball
2-0: Ball
3-0: Called Strike
3-1: Base on Balls
Batting: RHB Bob Gallagher 0-0: Foul Ball, location: 9LSF
0-1: Fly out, F8 (Flyball, 8LXD, EV 101.9 MPH)
Bottom of the 4th over - 0 runs, 0 hits, 0 errors, 1 left on base; St. Lucie 5 - Tampa 14
TOP OF THE 5TH
St. Lucie Mets batting - Pitching for Tampa Tarpons : RHP Wes Kennedy
Batting: SHB Kevin French 0-0: Ball
1-0: Swinging Strike
1-1: Foul Ball, location: 9LDF
1-2: Foul Ball, location: 7LSF
1-2: Ball
2-2: Ball
3-2: Base on Balls
Batting: LHB Jim Unknown 0-0: Ball
1-0: Ball
2-0: Ball
3-0: Called Strike
3-1: Grounds into double play, 4-6-3 (Groundball, 4D, EV 103.8 MPH)
Batting: RHB Jim Unknown 0-0: Called Strike
0-1: Ball
1-1: Fly out, F9 (Flyball, 9, EV 86.9 MPH)
Top of the 5th over - 0 runs, 0 hits, 0 errors, 0 left on base; St. Lucie 5 - Tampa 14
BOTTOM OF THE 5TH
Tampa Tarpons batting - Pitching for St. Lucie Mets : RHP Jim Unknown
Batting: RHB José Padino 0-0: Ball
1-0: Ball
2-0: Called Strike
2-1: Foul Ball, location: 9LDF
2-2: Ball
3-2: SINGLE (Line Drive, 34D, EV 98.8 MPH)
Batting: LHB Freddy Guzmán 0-0: Called Strike
0-1: Ball
1-1: Foul Ball, location: 9LMF
1-2: Ball
2-2: Ball
3-2: Foul Ball, location: 2F
3-2: Base on Balls
José Padino to second
Batting: RHB Hugh Johnstone 0-0: Ball
1-0: Ball
2-0: Ball
3-0: Called Strike
3-1: Base on Balls
José Padino to third
Freddy Guzmán to second
Batting: RHB Jim Unknown 0-0: Ball
1-0: Ball
2-0: Foul Ball, location: 5DF
2-1: Fly out, F4 (Line Drive, 4, EV 65.6 MPH)
Batting: SHB Jim Unknown 0-0: Fly out, F8 (Flyball, 8LD, EV 105.6 MPH)
Runner from 3rd tags up, SCORES, throw by CF
Freddy Guzmán to third
Batting: RHB Héctor Brajo 0-0: Ball
1-0: Swinging Strike
1-1: Fly out, F9 (Flyball, 9LD, EV 86.9 MPH)
Bottom of the 5th over - 1 run, 1 hit, 0 errors, 2 left on base; St. Lucie 5 - Tampa 15
TOP OF THE 6TH
St. Lucie Mets batting - Pitching for Tampa Tarpons : RHP Wes Kennedy
Batting: LHB Jim Unknown 0-0: Ball
1-0: Ground out 4-3 (Groundball, 4, EV 105.6 MPH)
Batting: LHB Jim Unknown 0-0: Foul Ball, location: 2F
0-1: Ball
1-1: Ball
2-1: Called Strike
2-2: Fly out, F3 (Line Drive, 3, EV 75.0 MPH)
Batting: RHB Jim Unknown 0-0: Ball
1-0: Ball
2-0: SINGLE (Line Drive, 6MD, EV 100.0 MPH)
Batting: SHB Jim Unknown 0-0: SINGLE (Groundball, 4D, EV 106.3 MPH)
Jim Unknown to second
Runner from 2nd tries for 3rd, SAFE, throw by CF made to third
Batting: RHB Jim Unknown 0-0: Called Strike
0-1: Foul Ball, location: 2F
0-2: Foul Ball, location: 2F
0-2: Ball
1-2: Ball
2-2: Ball
3-2: SINGLE (Groundball, 56, EV 102.5 MPH) (infield hit)
Jim Unknown scores
Jim Unknown to second
Pitching: RHP Jim Unknown
Batting: RHB Juan Carlos Valdillez 0-0: Ball
1-0: Swinging Strike
1-1: Ball
2-1: Ball
3-1: DOUBLE (Flyball, 8LXD, EV 98.1 MPH)
Jim Unknown scores
Jim Unknown to third
Batting: SHB Kevin French 0-0: Fly out, F4 (Line Drive, 4M, EV 71.9 MPH)
Top of the 6th over - 2 runs, 4 hits, 0 errors, 2 left on base; St. Lucie 7 - Tampa 15
BOTTOM OF THE 6TH
Tampa Tarpons batting - Pitching for St. Lucie Mets : RHP Jim Unknown
Batting: RHB Lou Smith 0-0: Ground out 4-3 (Groundball, 4, EV 78.8 MPH)
Batting: RHB José Silva 0-0: Called Strike
0-1: Called Strike
0-2: Foul Ball, location: 25FF
0-2: Ball
1-2: Ball
2-2: Foul Ball, location: 2F
2-2: Ball
3-2: Foul Ball, location: 2F
3-2: Ground out 5-3 (Groundball, 56, EV 82.5 MPH)
Batting: RHB Bob Gallagher 0-0: Ball
1-0: Ball
2-0: Ball
3-0: Base on Balls
Batting: RHB José Padino 0-0: Called Strike
0-1: Called Strike
0-2: Foul Ball, location: 3SF
0-2: Ball
1-2: Ball
2-2: Ball
3-2: SINGLE (Flyball, 8LS, EV 95.6 MPH)
Bob Gallagher to second
Bob Gallagher to third
Pitching: RHP Jim Unknown
Batting: LHB Freddy Guzmán 0-0: Ball
1-0: Swinging Strike
1-1: Swinging Strike
1-2: Foul Ball, location: 2F
1-2: SINGLE (Groundball, 34D, EV 101.3 MPH)
Bob Gallagher scores
José Padino to second
Runner from 2nd tries for 3rd, SAFE, throw by RF made to third
Batting: RHB Hugh Johnstone 0-0: Called Strike
0-1: Ground out 4-3 (Groundball, 34, EV 106.9 MPH)
Bottom of the 6th over - 1 run, 2 hits, 0 errors, 2 left on base; St. Lucie 7 - Tampa 16
TOP OF THE 7TH
St. Lucie Mets batting - Pitching for Tampa Tarpons : RHP Jim Unknown
Pinch Hitting: RHB Jim Unknown 0-0: Ball
1-0: Called Strike
1-1: Ball
2-1: Ball
3-1: Base on Balls
Batting: RHB Jim Unknown 0-0: Swinging Strike
0-1: Ball
1-1: Fly out, F4 (Popup, 13, EV 71.3 MPH)
Pinch Hitting: RHB Jim Unknown 0-0: Ball
1-0: Ball
2-0: Ball
3-0: Base on Balls
Jim Unknown to second
Pinch Hitting: LHB Jim Unknown 0-0: Called Strike
0-1: Swinging Strike
0-2: Foul Ball, location: 7LSF
0-2: Strikes out swinging
Batting: RHB Jim Unknown 0-0: SINGLE (Line Drive, 7LS, EV 104.4 MPH)
Jim Unknown to third
Jim Unknown to second
Runner from 3rd tries for Home, throw by LF and OUT! 7-2
Top of the 7th over - 0 runs, 1 hit, 0 errors, 2 left on base; St. Lucie 7 - Tampa 16
BOTTOM OF THE 7TH
Tampa Tarpons batting - Pitching for St. Lucie Mets : RHP Jim Unknown
Now at 1B: Kevin French
Now at 3B: Jim Unknown
Now at SS: Jim Unknown
Now in LF: Jim Unknown
Now in RF: Jim Unknown
Pinch Hitting: RHB Jim Unknown 0-0: Ball
1-0: Ball
2-0: Called Strike
2-1: Called Strike
2-2: Ground out 5-3 (Groundball, 56S, EV 95.0 MPH)
Batting: SHB Jim Unknown 0-0: Ball
1-0: Ground out U3 (Groundball, 34, EV 86.3 MPH)
Pinch Hitting: RHB Jim Unknown 0-0: Called Strike
0-1: Ball
1-1: SINGLE (Line Drive, 6MD, EV 107.5 MPH)
Pinch Hitting: LHB Jim Unknown 0-0: Swinging Strike
0-1: Ball
1-1: SINGLE (Groundball, 13, EV 65.6 MPH) (infield hit)
Jim Unknown to second
Pinch Hitting: RHB Jim Unknown 0-0: Ball
1-0: Called Strike
1-1: Ball
2-1: Foul Ball, location: 9LMF
2-2: Foul Ball, location: 3SF
2-2: Foul Ball, location: 2F
2-2: DOUBLE (Flyball, 8LXD, EV 103.1 MPH)
Jim Unknown scores
Jim Unknown to third
Runner from 3rd tries for Home, SAFE, throw by CF to trailing runner, SAFE at third!
Pinch Hitting: RHB Jim Unknown 0-0: Fly out, F2 (Popup, 5SF, EV 71.9 MPH)
Bottom of the 7th over - 2 runs, 3 hits, 0 errors, 1 left on base; St. Lucie 7 - Tampa 18
TOP OF THE 8TH
St. Lucie Mets batting - Pitching for Tampa Tarpons : RHP Jim Unknown
Now at 1B: Jim Unknown
Now at 3B: Jim Unknown
Now at SS: Jim Unknown
Now in CF: Jim Unknown
Now in RF: Jim Unknown
Batting: SHB Jim Unknown 0-0: Ball
1-0: Ground out 4-3 (Groundball, 34, EV 90.6 MPH)
Batting: LHB Jim Unknown 0-0: Ball
1-0: Ground out 5-3 (Groundball, 56S, EV 76.3 MPH)
Pinch Hitting: LHB Jim Unknown 0-0: Ball
1-0: Foul Ball, location: 2F
1-1: Ball
2-1: Ball
3-1: Ground out 6-3 (Groundball, 6, EV 83.1 MPH)
Top of the 8th over - 0 runs, 0 hits, 0 errors, 0 left on base; St. Lucie 7 - Tampa 18
BOTTOM OF THE 8TH
Tampa Tarpons batting - Pitching for St. Lucie Mets : RHP Jim Unknown
Now in CF: Jim Unknown
Now in RF: Jim Unknown
Batting: RHB José Padino 0-0: Ball
1-0: Ball
2-0: Called Strike
2-1: Foul Ball, location: 2F
2-2: SINGLE (Groundball, 6MD, EV 106.9 MPH)
Pinch Hitting: LHB Jim Unknown 0-0: Called Strike
0-1: Called Strike
0-2: Fly out, F9 (Flyball, 9, EV 92.5 MPH)
Batting: RHB Hugh Johnstone 0-0: Ball
1-0: SINGLE (Groundball, 34D, EV 95.6 MPH)
José Padino to second
Runner from 2nd tries for 3rd, SAFE, throw by RF made to third
Batting: RHB Jim Unknown 0-0: Foul Ball, location: 2F
0-1: Ball
1-1: Foul Ball, location: 3DF
1-2: Grounds into double play, 5-4-3 (Groundball, 56, EV 88.8 MPH)
Bottom of the 8th over - 0 runs, 2 hits, 0 errors, 1 left on base; St. Lucie 7 - Tampa 18
TOP OF THE 9TH
St. Lucie Mets batting - Pitching for Tampa Tarpons : RHP Jim Unknown
Now in LF: Jim Unknown
Pinch Hitting: RHB Jim Unknown 0-0: Foul Ball, location: 9LSF
0-1: Foul Ball, location: 2RF
0-2: Fly out, F9 (Flyball, 89M, EV 92.5 MPH)
Pinch Hitting: LHB Jim Unknown 0-0: Fly out, F6 (Line Drive, 6, EV 75.0 MPH)
Batting: RHB Jim Unknown 0-0: Swinging Strike
0-1: Called Strike
0-2: Ball
1-2: Foul Ball, location: 5FF
1-2: Ball
2-2: Foul Ball, location: 3F
2-2: SOLO HOME RUN (Flyball, 7D, EV 99.4 MPH), Distance : 381 ft
Pinch Hitting: LHB Jim Unknown 0-0: Ball
1-0: Fly out, F9 (Flyball, 9D, EV 103.8 MPH)
Top of the 9th over - 1 run, 1 hit, 0 errors, 0 left on base; St. Lucie 8 - Tampa 18
Monday, April 1st , 2024 - OOTP Baseball 24.10 Build 82